TOP OF THE 1ST |
Pawtucket Paw Sox batting - Pitching for Elmira Pioneers : RHP Richard Patterson
|
Pitching: RHP Richard Patterson
|
|
Batting: LHB Dave Haberle
|
0-0: Ball 1-0: Ball 2-0: Called Strike 2-1: Called Strike 2-2: Ball 3-2: Base on Balls
|
Batting: LHB Steven Garcia
|
0-0: Ball 1-0: Ball 2-0: SINGLE (Groundball, 6M, EV 100.0 MPH) (infield hit) Dave Haberle to second
|
Batting: LHB Jeff Stone
|
0-0: Called Strike Dave Haberle steals 3rd base Steven Garcia to second 0-1: Called Strike 0-2: Foul Ball, location: 2F 0-2: Ball 1-2: Foul Ball, location: 2F 1-2: Strikes out swinging
|
Batting: LHB David Wiggins
|
0-0: Called Strike 0-1: Ball 1-1: Called Strike 1-2: Ball 2-2: SINGLE (Line Drive, 8RS, EV 87.5 MPH) Dave Haberle scores Steven Garcia to third Runner from 3rd tries for Home, SAFE, throw by CF to home
|
Batting: RHB Robert Duran
|
0-0: Ball 1-0: Foul Ball, location: 2F 1-1: Ball 2-1: Ball 3-1: Base on Balls David Wiggins to second
|
Batting: SHB Gary Weiss
|
0-0: Ball 1-0: Ball 2-0: Called Strike 2-1: Ball 3-1: SINGLE (Flyball, 9LS, EV 93.8 MPH) David Wiggins to third Robert Duran to second Runner from 3rd tries for Home, SAFE, throw by RF to home
|
Pitching: LHP Brian Lucas
|
|
Batting: LHB Doc Brummer
|
0-0: Ball 1-0: Swinging Strike 1-1: Ball 2-1: Ball 3-1: Grounds into double play, 3-6-3 (Groundball, 34S, EV 85.6 MPH)
|
Top of the 1st over - 3 runs, 3 hits, 0 errors, 1 left on base; Pawtucket 3 - Elmira 0 |
BOTTOM OF THE 1ST |
Elmira Pioneers batting - Pitching for Pawtucket Paw Sox : RHP Billy Taylor
|
Pitching: RHP Billy Taylor
|
|
Batting: SHB Alan Regier
|
0-0: Ball 1-0: Foul Ball, location: 2F 1-1: Ball 2-1: Foul Ball, location: 2F 2-2: Ball 3-2: Fly out, F9 (Line Drive, 9, EV 103.8 MPH)
|
Batting: RHB Ron Stinnett
|
0-0: Called Strike 0-1: Fly out, F7 (Line Drive, 7, EV 86.3 MPH)
|
Batting: SHB Esteban Mendez
|
0-0: Ball 1-0: Fly out, F8 (Line Drive, 8LM, EV 95.0 MPH)
|
Bottom of the 1st over - 0 runs, 0 hits, 0 errors, 0 left on base; Pawtucket 3 - Elmira 0 |
TOP OF THE 2ND |
Pawtucket Paw Sox batting - Pitching for Elmira Pioneers : LHP Brian Lucas
|
Batting: RHB Lenny Faedo
|
0-0: Ball 1-0: Ground out 4-3 (Groundball, 4, EV 92.5 MPH)
|
Batting: RHB Ted Cox
|
0-0: Ball 1-0: Ground out 5-3 (Groundball, 56S, EV 74.4 MPH)
|
Batting: LHB Dave Haberle
|
0-0: Called Strike 0-1: Foul Ball, location: 2F 0-2: Ball 1-2: Ball 2-2: SINGLE (Groundball, 34D, EV 110.6 MPH)
|
Batting: LHB Steven Garcia
|
Pickoff Throw to First - Error! E1 Dave Haberle to second 0-0: Ball 1-0: Called Strike 1-1: Foul Ball, location: 2F 1-2: Fly out, F8 (Flyball, 89D, EV 92.5 MPH)
|
Top of the 2nd over - 0 runs, 1 hit, 1 error, 1 left on base; Pawtucket 3 - Elmira 0 |
BOTTOM OF THE 2ND |
Elmira Pioneers batting - Pitching for Pawtucket Paw Sox : RHP Billy Taylor
|
Batting: RHB Donn Koch
|
0-0: Called Strike 0-1: Called Strike 0-2: Ball 1-2: Fly out, F5 (Popup, 5S, EV 74.4 MPH)
|
Batting: RHB Edwin Rodriguez
|
0-0: Called Strike 0-1: Ball 1-1: Foul Ball, location: 2F 1-2: Ball 2-2: Ball 3-2: SINGLE (Groundball, 56, EV 86.3 MPH) (infield hit)
|
Batting: SHB Michael Reeder
|
0-0: Fly out, F9 (Line Drive, 9, EV 98.1 MPH)
|
Batting: LHB Juan Flores
|
0-0: Foul Ball, location: 2F 0-1: Foul Ball, location: 2F 0-2: Strikes out swinging
|
Bottom of the 2nd over - 0 runs, 1 hit, 0 errors, 1 left on base; Pawtucket 3 - Elmira 0 |
TOP OF THE 3RD |
Pawtucket Paw Sox batting - Pitching for Elmira Pioneers : LHP Brian Lucas
|
Batting: LHB Jeff Stone
|
0-0: Swinging Strike 0-1: Ball 1-1: Fly out, F8 (Line Drive, 8RM, EV 90.6 MPH)
|
Batting: LHB David Wiggins
|
0-0: Called Strike 0-1: Ball 1-1: Ball 2-1: Ball 3-1: Called Strike 3-2: Foul Ball, location: 2F 3-2: Base on Balls
|
Batting: RHB Robert Duran
|
0-0: Ball 1-0: Ball 2-0: Ball 3-0: Called Strike 3-1: Foul Ball, location: 2F 3-2: Base on Balls David Wiggins to second
|
Batting: SHB Gary Weiss
|
0-0: Ball 1-0: Ball 2-0: Ball Wild Pitch! David Wiggins to third Robert Duran to second 3-0: Called Strike 3-1: Base on Balls
|
Batting: LHB Doc Brummer
|
0-0: Called Strike 0-1: Called Strike 0-2: Ball 1-2: Ball 2-2: Foul Ball, location: 2F 2-2: Ball 3-2: Base on Balls David Wiggins scores Robert Duran to third Gary Weiss to second
|
Batting: RHB Lenny Faedo
|
0-0: Called Strike 0-1: Fly out, F9 (Flyball, 9, EV 85.0 MPH) Runner from 3rd tags up, SCORES, throw by RF Gary Weiss to third
|
Batting: RHB Ted Cox
|
0-0: Ball 1-0: Ball 2-0: Called Strike 2-1: Fielders Choice at 2nd, 6-4 (Groundball, 56, EV 83.8 MPH)
|
Top of the 3rd over - 2 runs, 0 hits, 0 errors, 2 left on base; Pawtucket 5 - Elmira 0 |
BOTTOM OF THE 3RD |
Elmira Pioneers batting - Pitching for Pawtucket Paw Sox : RHP Billy Taylor
|
Batting: RHB Curtis Cannedy
|
0-0: Called Strike 0-1: Ball 1-1: Foul Ball, location: 2F 1-2: Strikes out looking
|
Batting: LHB German Barranca
|
0-0: Fly out, F7 (Flyball, 78D, EV 101.3 MPH)
|
Batting: SHB Alan Regier
|
0-0: Foul Ball, location: 2F 0-1: Fly out, F8 (Flyball, 89D, EV 90.6 MPH)
|
Bottom of the 3rd over - 0 runs, 0 hits, 0 errors, 0 left on base; Pawtucket 5 - Elmira 0 |
TOP OF THE 4TH |
Pawtucket Paw Sox batting - Pitching for Elmira Pioneers : LHP Brian Lucas
|
Batting: LHB Dave Haberle
|
0-0: Called Strike 0-1: Foul Ball, location: 2F 0-2: Ball 1-2: Strikes out swinging
|
Batting: LHB Steven Garcia
|
0-0: Called Strike 0-1: Foul Ball, location: 2F 0-2: Ball 1-2: Ball 2-2: Foul Ball, location: 2F 2-2: Ball 3-2: Fly out, F8 (Flyball, 8LM, EV 80.0 MPH)
|
Batting: LHB Jeff Stone
|
0-0: Called Strike 0-1: Ball 1-1: Ball 2-1: SINGLE (Groundball, 23, EV 70.0 MPH) (infield hit)
|
Batting: LHB David Wiggins
|
0-0: Fly out, F6 (Popup, 15, EV 75.6 MPH)
|
Top of the 4th over - 0 runs, 1 hit, 0 errors, 1 left on base; Pawtucket 5 - Elmira 0 |
BOTTOM OF THE 4TH |
Elmira Pioneers batting - Pitching for Pawtucket Paw Sox : RHP Billy Taylor
|
Batting: RHB Ron Stinnett
|
0-0: Ball 1-0: Foul Ball, location: 2F 1-1: DOUBLE (Line Drive, 7LD, EV 108.1 MPH)
|
Batting: SHB Esteban Mendez
|
0-0: Ball 1-0: Ball 2-0: Ball 3-0: Base on Balls
|
Batting: RHB Donn Koch
|
0-0: Ball 1-0: Swinging Strike 1-1: SINGLE (Line Drive, 34D, EV 104.4 MPH) Ron Stinnett to third Esteban Mendez to second Runner from 3rd tries for Home, SAFE, throw by RF to home
|
Batting: RHB Edwin Rodriguez
|
0-0: Called Strike 0-1: Called Strike 0-2: Foul Ball, location: 2F 0-2: Foul Ball, location: 2F 0-2: Ball 1-2: Ball 2-2: Foul Ball, location: 2F 2-2: Fly out, F9 (Line Drive, 9, EV 103.1 MPH)
|
Batting: SHB Michael Reeder
|
0-0: Called Strike 0-1: Ball 1-1: Foul Ball, location: 2F 1-2: Grounds into double play, 6-4-3 (Groundball, 56, EV 103.1 MPH)
|
Bottom of the 4th over - 1 run, 2 hits, 0 errors, 1 left on base; Pawtucket 5 - Elmira 1 |
TOP OF THE 5TH |
Pawtucket Paw Sox batting - Pitching for Elmira Pioneers : LHP Brian Lucas
|
Batting: RHB Robert Duran
|
0-0: Ball 1-0: Ball 2-0: Fly out, F7 (Flyball, 7, EV 76.3 MPH)
|
Batting: SHB Gary Weiss
|
0-0: Ground out 5-3 (Groundball, 5L, EV 80.0 MPH)
|
Batting: LHB Doc Brummer
|
0-0: Called Strike 0-1: Ball 1-1: Reached on error, E4 (Groundball, 4, EV 100.6 MPH)
|
Batting: RHB Lenny Faedo
|
0-0: Called Strike 0-1: Called Strike 0-2: Ball 1-2: Ball 2-2: Ground out 5-3 (Groundball, 56S, EV 90.6 MPH)
|
Top of the 5th over - 0 runs, 0 hits, 1 error, 1 left on base; Pawtucket 5 - Elmira 1 |
BOTTOM OF THE 5TH |
Elmira Pioneers batting - Pitching for Pawtucket Paw Sox : RHP Billy Taylor
|
Batting: LHB Juan Flores
|
0-0: Ball 1-0: Swinging Strike 1-1: Ball 2-1: SINGLE (Groundball, 4MD, EV 104.4 MPH)
|
Batting: RHB Curtis Cannedy
|
0-0: Called Strike 0-1: Sac Bunt to 3S - play at first, batter OUT! 3-1 Juan Flores to second
|
Batting: LHB German Barranca
|
0-0: Swinging Strike 0-1: Fly out, F5 (Popup, 56S, EV 82.5 MPH)
|
Batting: SHB Alan Regier
|
0-0: Called Strike 0-1: Called Strike 0-2: Strikes out swinging
|
Bottom of the 5th over - 0 runs, 1 hit, 0 errors, 1 left on base; Pawtucket 5 - Elmira 1 |
TOP OF THE 6TH |
Pawtucket Paw Sox batting - Pitching for Elmira Pioneers : LHP Brian Lucas
|
Batting: RHB Ted Cox
|
0-0: Foul Ball, location: 2F 0-1: Swinging Strike 0-2: Fly out, F8 (Line Drive, 8RM, EV 97.5 MPH)
|
Batting: LHB Dave Haberle
|
0-0: Ball 1-0: Foul Ball, location: 2F 1-1: DOUBLE (Flyball, 8RXD, EV 100.0 MPH)
|
Pitching: RHP Jim Siwy
|
|
Batting: LHB Steven Garcia
|
0-0: Ball 1-0: Ball 2-0: Ball 3-0: Called Strike 3-1: Foul Ball, location: 2F 3-2: Ground out 4-3 (Groundball, 4, EV 96.3 MPH) Dave Haberle to third
|
Batting: LHB Jeff Stone
|
0-0: Ground out 6-3 (Groundball, 6, EV 98.1 MPH)
|
Top of the 6th over - 0 runs, 1 hit, 0 errors, 1 left on base; Pawtucket 5 - Elmira 1 |
BOTTOM OF THE 6TH |
Elmira Pioneers batting - Pitching for Pawtucket Paw Sox : RHP Billy Taylor
|
Batting: RHB Ron Stinnett
|
0-0: Ball 1-0: Foul Ball, location: 2F 1-1: Ball 2-1: Ground out 3-1 (Groundball, 34S, EV 71.9 MPH)
|
Batting: SHB Esteban Mendez
|
0-0: Ball 1-0: Fly out, F4 (Line Drive, 4, EV 62.5 MPH)
|
Batting: RHB Donn Koch
|
0-0: Called Strike 0-1: Foul Ball, location: 2F 0-2: Foul Ball, location: 2F 0-2: Ball 1-2: Ball 2-2: Foul Ball, location: 2F 2-2: Ball 3-2: SINGLE (Line Drive, 34D, EV 103.1 MPH)
|
Batting: RHB Edwin Rodriguez
|
0-0: Foul Ball, location: 2F 0-1: Ball 1-1: Swinging Strike 1-2: Strikes out looking
|
Bottom of the 6th over - 0 runs, 1 hit, 0 errors, 1 left on base; Pawtucket 5 - Elmira 1 |
TOP OF THE 7TH |
Pawtucket Paw Sox batting - Pitching for Elmira Pioneers : RHP Jim Siwy
|
Batting: LHB David Wiggins
|
0-0: Called Strike 0-1: Ball 1-1: Foul Ball, location: 2F 1-2: Ball 2-2: Ground out 1-3 (Groundball, 13S, EV 76.3 MPH)
|
Batting: RHB Robert Duran
|
0-0: Called Strike 0-1: Ball 1-1: Foul Ball, location: 2F 1-2: Strikes out looking
|
Batting: SHB Gary Weiss
|
0-0: Fly out, F8 (Flyball, 78XD, EV 89.4 MPH)
|
Top of the 7th over - 0 runs, 0 hits, 0 errors, 0 left on base; Pawtucket 5 - Elmira 1 |
BOTTOM OF THE 7TH |
Elmira Pioneers batting - Pitching for Pawtucket Paw Sox : RHP Billy Taylor
|
Batting: SHB Michael Reeder
|
0-0: Called Strike 0-1: Swinging Strike 0-2: Ball 1-2: Ball 2-2: Fly out, F7 (Flyball, 7D, EV 97.5 MPH)
|
Batting: LHB Juan Flores
|
0-0: Called Strike 0-1: Ball 1-1: Ball 2-1: Ground out 6-3 (Groundball, 56D, EV 103.8 MPH)
|
Batting: RHB Curtis Cannedy
|
0-0: Called Strike 0-1: Ball 1-1: Ball 2-1: Foul Ball, location: 2F 2-2: Ball 3-2: Fly out, F8 (Line Drive, 8RD, EV 98.8 MPH)
|
Bottom of the 7th over - 0 runs, 0 hits, 0 errors, 0 left on base; Pawtucket 5 - Elmira 1 |
TOP OF THE 8TH |
Pawtucket Paw Sox batting - Pitching for Elmira Pioneers : RHP Jim Siwy
|
Batting: LHB Doc Brummer
|
0-0: Ball 1-0: Swinging Strike 1-1: SINGLE (Flyball, 8LS, EV 95.6 MPH)
|
Batting: RHB Lenny Faedo
|
0-0: Foul Ball, location: 2F 0-1: Bunted foul 0-2: Fly out, F7 (Flyball, 7, EV 87.5 MPH)
|
Batting: RHB Ted Cox
|
0-0: Called Strike 0-1: Grounds into double play, 4-6-3 (Groundball, 34, EV 107.5 MPH)
|
Top of the 8th over - 0 runs, 1 hit, 0 errors, 0 left on base; Pawtucket 5 - Elmira 1 |
BOTTOM OF THE 8TH |
Elmira Pioneers batting - Pitching for Pawtucket Paw Sox : RHP Billy Taylor
|
Batting: LHB German Barranca
|
0-0: Ball 1-0: Ground out U3 (Groundball, 3, EV 103.8 MPH)
|
Batting: SHB Alan Regier
|
0-0: Called Strike 0-1: Swinging Strike 0-2: Ground out 6-3 (Groundball, 56, EV 99.4 MPH)
|
Batting: RHB Ron Stinnett
|
0-0: Ball 1-0: Called Strike 1-1: Called Strike 1-2: Foul Ball, location: 2F 1-2: Ground out 5-3 (Groundball, 56, EV 107.5 MPH)
|
Bottom of the 8th over - 0 runs, 0 hits, 0 errors, 0 left on base; Pawtucket 5 - Elmira 1 |
TOP OF THE 9TH |
Pawtucket Paw Sox batting - Pitching for Elmira Pioneers : RHP Jim Siwy
|
Pitching: RHP Alejandro Gallardo
|
|
Batting: LHB Dave Haberle
|
0-0: Called Strike 0-1: SINGLE (Groundball, 6M, EV 104.4 MPH) (infield hit)
|
Batting: LHB Steven Garcia
|
0-0: Ball 1-0: Ball Dave Haberle steals 2nd base 2-0: Swinging Strike 2-1: Foul Ball, location: 2F 2-2: SINGLE (Groundball, P, EV 81.3 MPH) (infield hit) Dave Haberle to third
|
Batting: LHB Jeff Stone
|
0-0: Ball 1-0: Ball 2-0: Foul Ball, location: 2F 2-1: Ball Steven Garcia steals 2nd base 3-1: SINGLE (Line Drive, 56D, EV 100.6 MPH) Dave Haberle scores Steven Garcia to third
|
Batting: LHB David Wiggins
|
0-0: Ball 1-0: Ball 2-0: Foul Ball, location: 2F 2-1: Called Strike 2-2: Foul Ball, location: 2F 2-2: Foul Ball, location: 2F 2-2: Ball 3-2: Strikes out swinging Jeff Stone steals 2nd base Batter strikes out.
|
Batting: RHB Robert Duran
|
0-0: Ball 1-0: Foul Ball, location: 2F 1-1: Swinging Strike 1-2: Ball 2-2: Strikes out swinging
|
Batting: SHB Gary Weiss
|
0-0: Ball 1-0: Ball 2-0: Ball 3-0: Called Strike 3-1: Base on Balls
|
Batting: LHB Doc Brummer
|
0-0: Called Strike 0-1: Called Strike 0-2: Ball 1-2: Ball 2-2: Fly out, F5 (Popup, 5SF, EV 79.4 MPH)
|
Top of the 9th over - 1 run, 3 hits, 0 errors, 3 left on base; Pawtucket 6 - Elmira 1 |
BOTTOM OF THE 9TH |
Elmira Pioneers batting - Pitching for Pawtucket Paw Sox : RHP Billy Taylor
|
Batting: SHB Esteban Mendez
|
0-0: Ball 1-0: Swinging Strike 1-1: Fly out, F5 (Popup, 5F, EV 73.8 MPH)
|
Batting: RHB Donn Koch
|
0-0: Ball 1-0: Swinging Strike 1-1: Foul Ball, location: 2F 1-2: Strikes out swinging
|
Batting: RHB Edwin Rodriguez
|
0-0: Ball 1-0: Fly out, F2 (Popup, 2RF, EV 91.9 MPH)
|
Bottom of the 9th over - 0 runs, 0 hits, 0 errors, 0 left on base; Pawtucket 6 - Elmira 1 |
|